 Dungeon Crawl Stone Soup version 0.17.2-1-ge4368a0 (webtiles) character file.

2938 Goblin1989 the Basher (level 9, -18/65 HPs)
             Began as a Demonspawn Fighter on Sept 21, 2016.
             Was a Priest of Okawaru.
             Demolished by an orc knight
             ... wielding a +0 war axe
              (20 damage)
             ... in a bailey.
             The game lasted 00:20:50 (6039 turns).

Goblin1989 the Basher (Demonspawn Fighter)          Turns: 6039, Time: 00:20:50

Health: -18/65     AC: 13    Str: 24    XL:     9   Next: 51%
Magic:  8/9        EV: 13    Int: 13    God:    Okawaru [***...]
Gold:   743        SH:  0    Dex: 18    Spells: 0 memorised, 8 levels left

rFire  . . .     SeeInvis .     r - +9 dire flail "Pateff" {flame, Int+4 Dex+4}
rCold  . . .     Clarity  +     i - +1 chain mail
rNeg   + . .     SustAt   +     (shield currently unavailable)
rPois  .         Gourm    .     (no helmet)
rElec  .         Spirit   .     (no cloak)
rCorr  .         Warding  .     (no gloves)
rMut   .         Stasis   .     I - +0 pair of boots
MR     .....                    u - amulet of clarity
Stlth  +.........               z - ring of sustain attributes
                                s - ring of positive energy

@: mighty, heroism, not resistant to hostile enchantments, very unstealthy
A: talons 2, nightstalker 1, spiny 2
a: Heroism, Renounce Religion


You were in a bailey.
You worshipped Okawaru.
Okawaru was most pleased with you.
You were not hungry.

You visited 1 branch of the dungeon, and saw 8 of its levels.
You also visited: Bailey.

You collected 743 gold pieces.

Inventory:

Hand Weapons
 a - a +1 flail
 r - the +9 dire flail "Pateff" (weapon) {flame, Int+4 Dex+4}
   (You found it on level 5 of the Dungeon)

   It has been specially enchanted to burn those struck by it, causing extra
   injury to most foes and up to half again as much damage against particularly
   susceptible opponents.
   It affects your intelligence (+4).
   It affects your dexterity (+4).
Missiles
 o - a throwing net (quivered)
 E - 5 needles of sleeping
 L - 30 tomahawks of returning
Armour
 c - a +0 shield
 i - a +1 chain mail (worn)
 I - a +0 pair of boots (worn)
Jewellery
 s - a ring of positive energy (left hand)
 u - an amulet of clarity (around neck)
 z - a ring of sustain attributes (right hand)
 B - a cursed ring of loudness {unknown}
Wands
 F - a wand of confusion (21)
 J - a wand of lightning (1)
Scrolls
 b - a scroll of blinking
 f - 4 scrolls of amnesia
 g - 2 scrolls of magic mapping
 j - 10 scrolls of identify
 q - 4 scrolls of enchant armour
 y - 8 scrolls of teleportation
 A - 3 scrolls of remove curse {unknown}
 D - 2 scrolls of enchant weapon
 K - a scroll of noise {unknown}
Potions
 h - a potion of mutation {unknown}
 k - 2 potions of brilliance {unknown}
 l - a potion of cure mutation {unknown}
 m - 5 potions of curing
 p - a potion of degeneration {unknown}
 t - 7 potions of flight
 w - 2 potions of haste {unknown}
 x - 3 potions of agility {unknown}
 G - a potion of magic {unknown}
Comestibles
 e - 9 bread rations
 v - a slice of pizza
 C - a fruit
 H - a beef jerky


   Skills:
 + Level 3.8(8.8) Fighting
 * Level 11.4(16.4) Maces & Flails
 + Level 3.5(8.5) Armour
 + Level 1.9(6.9) Dodging
 - Level 2.6(7.6) Shields


You had 8 spell levels left.
You didn't know any spells.

Dungeon Overview and Level Annotations

Branches:
Dungeon (8/15)             Temple (0/1) D:7            Lair (0/8) D:8

Altars:
Dithmenos
Okawaru
Ru
Trog


Innate Abilities, Weirdness & Mutations

You have razor-sharp toenails.
You are slightly more attuned to the shadows.
You are mostly covered in sharp spines.


Message History

MASSIVE DAMAGE!!
Your chain mail prevents you from hitting the orc knight.
The orc knight is heavily wounded.
You closely miss the orc knight.
The orc knight is heavily wounded.
The orc knight hits you with a war axe!
* * * LOW HITPOINT WARNING * * *
You take 15 damage, and have 1/65 hp.
MASSIVE DAMAGE!!
The kobold shouts!
There is an open door here.
Things that are here:
a hand axe; a leather armour Drink which item? (? for menu, Esc to quit)
Okay, then.
You impale the orc knight!! You burn the orc knight.
The orc knight is almost dead.
The orc knight is struck by your spines.
The orc knight hits you with a war axe!!
You die...

############# #∩.#..}.....##
###..#....#..#
###########.#############
##............@oo........####
#.......#########K..†.......##
##..###### ##'#.........##
##...# #..#..†.⌠.....# #....#
#.K#'#.......## ≈≈≈..#
###'####..#.#....)####
≈≈≈≈.###
....Ko)...###....).#≈≈
≈≈≈≈≈..#
###'####..#.....≈≈≈≈≈≈
#≈≈≈≈≈≈#
#.....oo####.≈≈≈≈≈≈≈≈≈≈


You could see 2 orc knights and a kobold.

Vanquished Creatures
  An orc knight (Bailey)
  Sigmund (D:4)
  2 ice beasts
  Duvessa (D:4)
  3 orc warriors (Bailey)
  A black bear (D:6)
  A necrophage (D:6)
  2 phantoms (D:4)
  A centaur (D:7)
  2 giant frogs (D:6)
  Dowan (D:4)
  A scorpion (D:6)
  5 wights (D:6)
  7 crimson imps
  A giant frog zombie (D:7)
  A hound (D:4)
  A quasit (D:6)
  3 orc wizards (D:4)
  An iguana (D:4)
  8 worker ants
  A killer bee zombie (D:5)
  A hound zombie (D:6)
  2 hound skeletons
  Robin (D:4)
  5 adders
  An ooze (D:3)
  An adder skeleton (D:4)
  A worm (D:2)
  4 giant geckos
  13 orcs
  12 hobgoblins
  5 quokkas
  4 ball pythons
  4 bats
  6 giant cockroaches
  A giant gecko skeleton (D:4)
  4 giant newts
  21 goblins
  6 jackals
  13 kobolds
  A quokka skeleton (D:4)
  9 rats
160 creatures vanquished.

Vanquished Creatures (others)
  A giant frog (D:8)
  An orc wizard (D:8)
  An adder (D:8)
3 creatures vanquished.

Grand Total: 163 creatures vanquished

Notes
Turn   | Place    | Note
--------------------------------------------------------------
     0 | D:1      | Goblin1989 the Demonspawn Fighter began the quest for the Orb.
     0 | D:1      | Reached XP level 1. HP: 18/18 MP: 1/1
   181 | D:1      | Gained mutation: You are partially covered in sharp spines. [demonic ancestry]
   181 | D:1      | Reached XP level 2. HP: 14/24 MP: 2/2
   853 | D:2      | Found a shadowy altar of Dithmenos.
   883 | D:2      | Gained mutation: You have sharp toenails. [demonic ancestry]
   883 | D:2      | Reached XP level 3. HP: 29/29 MP: 3/3
   933 | D:2      | Found an iron altar of Okawaru.
   965 | D:2      | Became a worshipper of Warmaster Okawaru
  1503 | D:3      | Found a bloodstained altar of Trog.
  1921 | D:3      | Found a sacrificial altar of Ru.
  2116 | D:3      | Gained mutation: You have razor-sharp toenails. [demonic ancestry]
  2116 | D:3      | Reached XP level 4. HP: 35/35 MP: 4/4
  2452 | D:4      | Reached skill level 4 in Maces & Flails
  2461 | D:4      | Reached XP level 5. HP: 18/41 MP: 5/5
  2622 | D:4      | Reached skill level 5 in Maces & Flails
  2788 | D:4      | Noticed Robin
  2800 | D:4      | Killed Robin
  3037 | D:4      | Noticed Sigmund
  3038 | D:4      | Reached XP level 6. HP: 35/47 MP: 6/6
  3050 | D:4      | HP: 1/47 [something (4)]
  3058 | D:4      | Killed Sigmund
  3058 | D:4      | Reached * piety under Okawaru
  3058 | D:4      | Reached skill level 6 in Maces & Flails
  3341 | D:4      | Noticed a phantom
  3375 | D:4      | Noticed Duvessa
  3376 | D:4      | Noticed Dowan
  3379 | D:4      | Killed a phantom
  3379 | D:4      | Reached skill level 7 in Maces & Flails
  3379 | D:4      | Gained mutation: You are mostly covered in sharp spines. [demonic ancestry]
  3379 | D:4      | Reached XP level 7. HP: 32/52 MP: 4/7
  3387 | D:4      | Killed Duvessa
  3391 | D:4      | Killed Dowan
  3423 | D:4      | Noticed a phantom
  3442 | D:4      | Killed a phantom
  3442 | D:4      | Reached skill level 8 in Maces & Flails
  3594 | D:5      | Entered Level 5 of the Dungeon
  3629 | D:5      | Got a crystal dire flail
  3714 | D:5      | Identified the +9 dire flail "Pateff" {flame, Int+4 Dex+4} (You found it on level 5 of the Dungeon)
  3721 | D:5      | Reached ** piety under Okawaru
  3849 | D:5      | Reached XP level 8. HP: 58/58 MP: 8/8
  4191 | D:6      | Reached skill level 9 in Maces & Flails
  4473 | D:6      | Reached skill level 10 in Maces & Flails
  4673 | D:6      | Found a shadowy altar of Dithmenos.
  4890 | D:7      | Gained mutation: You are slightly more attuned to the shadows. [demonic ancestry]
  4890 | D:7      | Reached XP level 9. HP: 49/63 MP: 9/9
  5110 | D:7      | Reached skill level 11 in Maces & Flails
  5131 | D:7      | Found a staircase to the Ecumenical Temple.
  5815 | D:8      | Found a flagged portal.
  5820 | Bailey   | Entered a bailey
  5828 | Bailey   | Noticed an orc knight
  5829 | Bailey   | Noticed an orc knight
  5840 | Bailey   | Noticed an orc knight
  5903 | Bailey   | Killed an orc knight
  5903 | Bailey   | Reached *** piety under Okawaru
  5903 | Bailey   | Reached skill level 1 in Dodging
  6032 | Bailey   | HP: 1/65 [orc knight/war axe (15)]
  6039 | Bailey   | Demolished by an orc knight

Action                   |  1- 3 |  4- 6 |  7- 9 || total
-------------------------+-------+-------+-------++-------
Melee: Flail             |    80 |   100 |    27 ||   207
       Dire flail        |       |       |   108 ||   108
Invok: Heroism           |       |     1 |     2 ||     3
  Use: Potion            |     1 |     3 |     4 ||     8
       Scroll            |       |       |     9 ||     9
  Eat: Chunk             |     2 |     6 |     4 ||    12
       Meat ration       |       |       |     1 ||     1
